 Dungeon Crawl Stone Soup version 0.28.0-43-g3370ac3207 (webtiles) character file.

Game seed: 18340049215482313858

70 Peloso the Shield-Bearer (level 4, 0/40 HPs)
             Began as a Minotaur Fighter on Mar 23, 2022.
             Killed by divine providence
             ... invoked by an orc priest
              (9 damage)
             ... on level 3 of the Dungeon.
             The game lasted 00:03:00 (2020 turns).

Peloso the Shield-Bearer (Minotaur Fighter)         Turns: 2020, Time: 00:03:01

Health: 0/40       AC: 10    Str: 20    XL:     4   Next: 4%
Magic:  3/3        EV:  7    Int:  5    God:
Gold:   119        SH:  5    Dex: 12    Spells: 3/3 levels left

rFire   . . .      SeeInvis .   a - +0 long sword
rCold   . . .      Faith    .   c - +0 buckler
rNeg    . . .      Spirit   .   h - +0 chain mail
rPois   .          Reflect  .   (helmet restricted)
rElec   .          Harm     .   (no cloak)
rCorr   .          Rampage  .   f - +0 pair of gloves
Will    .....                   (no boots)
Stlth   ..........              (no amulet)
HPRegen 0.13/turn               (no ring)
MPRegen 0.08/turn               (no ring)

@: no status effects
A: horns 2, retaliatory headbutt
a: no special abilities


You were on level 3 of the Dungeon.
You visited 1 branch of the dungeon, and saw 3 of its levels.

You collected 119 gold pieces.

Inventory:

Hand Weapons
 a - a +0 long sword (weapon)
Armour
 b - a +0 scale mail
 c - a +0 buckler (worn)
 f - a +0 pair of gloves (worn)
 h - a +0 chain mail (worn)
Jewellery
 j - an amulet of guardian spirit
 k - a ring of wizardry
Scrolls
 e - a scroll of fear {unknown}
 g - 2 scrolls of identify {unknown}
 o - a scroll of amnesia {unknown}
Potions
 d - a potion of might
 l - a potion of heal wounds {unknown}
 m - a potion of degeneration {unknown}
 n - a potion of brilliance {unknown}


   Skills:
 + Level 4.2 Fighting
 + Level 3.4 Long Blades
 + Level 4.3 Armour
 + Level 4.3 Shields


You had 3 spell levels left.
You didn't know any spells.
Your spell library contained the following spells:

 Spells                   Type           Power      Damage    Failure   Level
 Iskenderun's Battlesphe  Conj           0%         2d6       100%        5
 Iron Shot                Conj/Erth      0%         9d1       100%        6
 Spellforged Servitor     Conj/Summ      0%         N/A       100%        7


Dungeon Overview and Level Annotations

Branches:
Dungeon (3/15)

Altars:

Annotations:
D:2 Sigmund


Innate Abilities, Weirdness & Mutations

You have a pair of horns on your head.
You reflexively headbutt those who attack you in melee.


Message History

The orc priest invokes the aid of Beogh against you.
Beogh smites you!
An orc comes into view. It is wielding a +0 hand axe.
The orc priest begins to cast a cantrip, but forgets the words!
The orc priest miscasts a cantrip.
You hit the orc.
The orc is lightly wounded.
The orc hits you but does no damage. You block the orc's attack.
The orc hits you with a +0 flail.
You closely miss the orc. The orc hits you with a +0 hand axe.
* * * LOW HITPOINT WARNING * * *
The orc hits you but does no damage.
Unknown command.
You completely miss the orc. The orc hits you with a +0 hand axe.
* * * LOW HITPOINT WARNING * * *
The orc completely misses you. The orc hits you but does no damage.
Unknown command.
You barely miss the orc. You headbutt the orc.
The orc is lightly wounded.
The orc hits you with a +0 flail.
* * * LOW HITPOINT WARNING * * *
The orc hits you but does no damage.
Unknown command.
You hit the orc but do no damage.
The orc is lightly wounded.
The orc barely misses you. The orc hits you with a +0 hand axe.
* * * LOW HITPOINT WARNING * * *
The orc closely misses you. You furiously retaliate!
You headbutt the orc, but do no damage.
Unknown command.
It was a potion of curing.
You feel better. The orc barely misses you. x2
You furiously retaliate!
You headbutt the orc. You closely miss the orc.
Unknown command.
You closely miss the orc. You headbutt the orc.
The orc is heavily wounded.
The orc hits you but does no damage. x2
The orc priest invokes the aid of Beogh against you.
Beogh smites you!
You die...

..####.............#
..## #.............#
...# ###...........#
...# ##............#
...# #...#....##...#
..####.#.#....####.#
...##..........###.#
#..........##....#o##
#>###...........@#..#
......##..###.#.oo.o##
#..#...#..#...#####..##
...##.....#.###
##..#### #.....#.....#
##..).###
##....#...########
####...### ###......#
#....# ###...####
######.# #...>#
###....# #.###....#
###########..


You could see an orc priest and 2 orcs.

Vanquished Creatures
  An adder (D:3)
  3 worms (D:2)
  An orc (D:3)
  4 bats
  4 endoplasms
  A giant cockroach (D:1)
  6 goblins
  5 hobgoblins
  5 kobolds
  A quokka (D:2)
  10 ball pythons
  2 frilled lizards
  5 rats
48 creatures vanquished.

Notes
Turn   | Place    | Note
-------+----------+-------------------------------------------
     0 | D:1      | Peloso the Minotaur Fighter began the quest for the Orb.
     0 | D:1      | Reached XP level 1. HP: 19/19 MP: 0/0
   289 | D:1      | Reached XP level 2. HP: 27/27 MP: 1/1
  1013 | D:2      | Reached XP level 3. HP: 33/33 MP: 2/2
  1510 | D:2      | Noticed Sigmund
  1816 | D:3      | Reached XP level 4. HP: 37/40 MP: 3/3
  2015 | D:3      | HP: 2/40 [orc/+0 hand axe (5)]
  2020 | D:3      | Killed from afar by an orc priest

Illustrated notes

Levels and vault maps discovered:
D:1:      dpeg_arrival_round_a, layout_basic
D:2:      layout_basic, hex_large, uniq_sigmund
D:3:      layout_rooms

Skill      XL: |  1  2 |
---------------+-------+-----
Armour         | 4 |  4.3
Shields        | 4 |  4.3
Fighting       | 4 |  4.2
Long Blades    | 3 |  3.4

Action                   |  1- 3 |  4- 6 || total
-------------------------+-------+-------++-------
Melee: Long sword        |    96 |    11 ||   107
       Headbutt          |    18 |     3 ||    21
  Use: Potion            |       |     1 ||     1
Armor: Scale mail        |     5 |       ||     5
       Chain mail        |    37 |    11 ||    48
Dodge: Dodged            |    42 |     7 ||    49
Block: Buckler           |    16 |     3 ||    19
